 Dungeon Crawl Stone Soup version 0.27-a0-819-g058290f16d (webtiles) character file.

Game seed: 2700046991887413065

4 jasper the Sneak (level 1, 0/14 HPs)
             Began as a Gargoyle Delver on Mar 29, 2021.
             Was an Initiate of Ru.
             Slain by an ufetubus (3 damage)
             ... on level 4 of the Dungeon.
             The game lasted 00:01:02 (714 turns).

jasper the Sneak (Gargoyle Delver)                   Turns: 714, Time: 00:01:03

Health: 0/14       AC:  6    Str: 15    XL:     1   Next: 70%
Magic:  1/1        EV: 11    Int: 10    God:    Ru [......]
Gold:   17         SH:  0    Dex: 11    Spells: 0/0 levels left

rFire    . . .     SeeInvis .   a - +0 hand axe
rCold    . . .     Faith    .   (no shield)
rNeg     + . .     Spirit   .   b - +0 leather armour
rPois    ∞         Reflect  .   (no helmet)
rElec    +         Harm     .   k - +0 cloak
rCorr    .         Rampage  .   (no gloves)
Will     .....                  (no boots)
Stlth    +++.......             (no amulet)
HPRegen  0.04/turn              (no ring)
MPRegen  0.07/turn              (no ring)

@: no status effects
A: AC +2, negative energy resistance 1, electricity resistance, torment
resistance 1, unbreathing 1, petrification resistance
a: Renounce Religion


You were on level 4 of the Dungeon.
You worshipped Ru.
Ru was noncommittal.
You visited 1 branch of the dungeon, and saw 2 of its levels.

You collected 17 gold pieces.

Inventory:

Hand Weapons
 a - a +0 hand axe (weapon)
Missiles
 h - 8 stones (quivered)
Armour
 b - a +0 leather armour (worn)
 k - a +0 cloak (worn)
Wands
 g - a wand of digging (2)
Scrolls
 c - a scroll of fog
 d - a scroll of magic mapping
 e - a scroll of fear
 i - a scroll of immolation {unknown}
Potions
 f - a potion of heal wounds {unknown}
 j - a potion of curing {unknown}


   Skills:
 + Level 3.3 Fighting
 * Level 2.0 Axes
 + Level 0.4 Armour
 - Level 1.5 Dodging
 - Level 5.4 Stealth


You couldn't memorise any spells.
You didn't know any spells.
Your spell library was empty.

Dungeon Overview and Level Annotations

Branches:
Dungeon (5/15)
 Temple: D:4-7

Altars:
Ashenzari
Ru

Annotations:
D:4 Blork the orc
D:5 Grinder


Innate Abilities, Weirdness & Mutations

Your stone body is resilient. (AC +2)
You are immune to poison.
You resist negative energy. (rN+)
You are resistant to electric shocks. (rElec)
You are resistant to unholy torment.
You can survive without breathing.
You are immune to petrification.


Message History

Found 16 sling bullets.
There is a broken altar of Ashenzari here.
You see here a +0 cloak.
k - a +0 cloak You start putting on your armour.
You continue putting on your +0 cloak. x4
You finish putting on your +0 cloak.
There is a broken altar of Ashenzari here.
Found a stone staircase leading down.
An adder comes into view.
An adder is nearby!
An ufetubus comes into view.
The adder hisses angrily.
The adder bites you but does no damage.
You closely miss the adder. The adder bites you. x2
You take 3 damage, and have 11/14 hp.
MASSIVE DAMAGE!!
You slash the adder!
The adder is heavily wounded.
Your leather armour prevents you from hitting the ufetubus.
The ufetubus closely misses you. x2; The adder bites you but does no damage.
You closely miss the adder.
The adder is heavily wounded.
You barely miss the ufetubus. The ufetubus hits you.
The ufetubus hits you but does no damage.
The adder completely misses you. The ufetubus hits you.
The ufetubus barely misses you. The adder barely misses you.
You take 5 damage, and have 6/14 hp.
MASSIVE DAMAGE!!
You barely miss the adder.
The adder is heavily wounded.
You closely miss the ufetubus. The ufetubus hits you.
The ufetubus barely misses you. The adder bites you but does no damage.
The ufetubus hits you but does no damage.
The ufetubus hits you.
* * * LOW HITPOINT WARNING * * *
You take 3 damage, and have 3/14 hp.
MASSIVE DAMAGE!!
You hit the adder.
You kill the adder!
You hit the ufetubus.
The ufetubus hits you but does no damage.
The ufetubus hits you.
You die...

##...............#
....###.....###..#
###.#####_#####..#
....###.....###..#
###..............#
##.#.#..##.#.#.#
#.#.#..##.#.#.#
#.#.......#...#
.....###.......#@#
####.......#.#.#.5...#
#####.#...#.#.###.#
#(....#.#..
.......#.#.#
......>#.#.#
.###.....#.# #.....#..


You could see an ufetubus.

Vanquished Creatures
  An adder (D:4)
  An orc (D:4)
  2 kobolds (D:4)
  A ball python (D:4)
5 creatures vanquished.

Vanquished Creatures (others)
  32 plants (D:4)
32 creatures vanquished.

Grand Total: 37 creatures vanquished

Notes
Turn   | Place    | Note
-------+----------+-------------------------------------------
     0 | D:5      | jasper the Gargoyle Delver began the quest for the Orb.
     0 | D:5      | Reached XP level 1. HP: 14/14 MP: 1/1
    24 | D:5      | Noticed Grinder
   210 | D:4      | Noticed Blork the orc
   399 | D:4      | Found a sacrificial altar of Ru.
   410 | D:4      | Became a worshipper of Ru the Awakened
   670 | D:4      | Found a broken altar of Ashenzari.
   714 | D:4      | Slain by an ufetubus

Illustrated notes

Levels and vault maps discovered:
D:4:      kennysheep_kobold_camp, layout_basic, lemuel_coloured_pillars_altar,
          cheibrodos_ashenzari_chains, uniq_blork_the_orc, uniq_ijyb
D:5:      minmay_skewed_foursquare, layout_cave_pools,
          minmay_temple_entry_stoned_glass, uniq_grinder

Skill      XL: |  1 |
---------------+----+-----
Axes           | 2 |  2.0
Fighting       | |  3.3
Armour         | |  0.4
Dodging        | |  1.5
Stealth        | |  5.4

Action                   || total
-------------------------++-------
Melee: Hand axe          ||    25
Throw: Stone             ||     2
Evoke: Wand              ||     1
  Use: Scroll            ||     1
       Potion            ||     1
 Stab: Sleeping          ||     1
Armor: Leather armour    ||     9
Dodge: Dodged            ||    17

Table legend: (Time is in decaauts)
 A = Elapsed time spent in this place.
 B = Non-inter-level travel time spent in this place.
 C = Inter-level travel time spent in this place.
 D = Time resting spent in this place.
 E = Time spent auto-exploring this place.
 F = Levels seen in this place.
 G = Mean time per level.
                   A        B        C        D        E       F      G
               +--------+--------+--------+--------+--------+-----+--------+
         Total |    700 |    670 |     30 |    228 |    319 |   2 |  350.0 |
       Dungeon |    700 |    670 |     30 |    228 |    319 |   2 |  350.0 |
               +--------+--------+--------+--------+--------+-----+--------+

Top non-repeatable levels by time:
     D:4: 664 daAuts
     D:5: 36 daAuts
